 Dungeon Crawl Stone Soup version 0.23-a0-446-g036aa52 (webtiles) character file.

603 sl00ts the Changer (level 7, -2/64 HPs)
             Began as a Naga Transmuter on Nov 19, 2018.
             Slain by a wight
             ... wielding a +0 scimitar
              (11 damage)
             ... on level 5 of the Dungeon.
             The game lasted 00:16:06 (6399 turns).

sl00ts the Changer (Naga Transmuter)                Turns: 6399, Time: 00:16:08

Health: -2/64      AC:  3    Str: 13    XL:     7   Next: 42%
Magic:  10/10      EV:  9    Int: 18    God:
Gold:   92         SH:  0    Dex:  9    Spells: 4/10 levels left

rFire    . . .     SeeInvis +   a - +0 long sword "Killer Bee's Curse" {slice, rC+ Int+5 Dex-4}
rCold    + . .     Gourm    .   (no shield)
rNeg     . . .     Faith    .   q - +0 robe
rPois    +         Spirit   .   (no helmet)
rElec    .         Reflect  .   (no cloak)
rCorr    .         Harm     .   (no gloves)
MR       .....                  (no barding)
Stlth    +.........             e - amulet of rage
HPRegen  0.20/turn              (no ring)
MPRegen  0.12/turn              (no ring)

@: berserk cooldown, slowed, heavily drained, very slow
A: large, see invisible, deformed body, poison resistance, slowness 2, slow
metabolism 1, spit poison 1, AC +2
a: Spit Poison, Evoke Berserk Rage


You were on level 5 of the Dungeon.
You were very hungry.

You visited 1 branch of the dungeon, and saw 5 of its levels.

You collected 296 gold pieces.
You spent 204 gold pieces at shops.

Inventory:

Hand Weapons
 a - the +0 long sword "Killer Bee's Curse" (weapon) {slice, rC+ Int+5 Dex-4}
   (You bought it in a shop on level 4 of the Dungeon)

   It inflicts extra damage upon your enemies.
   It affects your intelligence (+5).
   It affects your dexterity (-4).
   It protects you from cold.
 f - a +3 dagger
Missiles
 p - 48 arrows
Armour
 b - a +0 robe
 q - a +0 robe (worn)
Jewellery
 e - an amulet of rage (around neck)
Wands
 c - a wand of polymorph (8)
 s - a wand of acid (7)
Scrolls
 g - 3 scrolls of remove curse
 i - a scroll of fear
 j - a scroll of identify
 k - 2 scrolls of amnesia
 l - 2 scrolls of fog
 m - 2 scrolls of noise {unknown}
 n - 2 scrolls of blinking
Potions
 h - a potion of mutation {unknown}
 o - a potion of brilliance
 r - 2 potions of degeneration {unknown}
Comestibles
 d - 7 rations


   Skills:
 - Level 4.0(2.6) Fighting
 - Level 1.5(0.2) Dodging
 - Level 4.0(2.6) Unarmed Combat
 - Level 2.0(0.6) Spellcasting
 * Level 6.2(4.7) Transmutations


You had 4 spell levels left.
You knew the following spells:

 Your Spells              Type           Power        Failure   Level  Hunger
a - Beastly Appendage     Tmut           ###...       3%          1    ##.....
b - Sticks to Snakes      Tmut           ###.....     4%          2    ###....
c - Spider Form           Tmut/Pois      #.........   24%         3    ####...

Your spell library contained the following spells:

 Spells                   Type           Power        Failure   Level  Hunger
 Ice Form                 Ice/Tmut       #.......     61%         4    #####..
 Blade Hands              Tmut           ###.......   63%         5    ######.


Dungeon Overview and Level Annotations

Branches:
Dungeon (5/15)
 Temple: D:4-7

Altars:
Makhleb
Nemelex Xobeh
Zin

Shops:
D:4 (


Innate Abilities, Weirdness & Mutations

You cannot wear boots.
Your serpentine skin is tough. (AC +2)
You have supernaturally acute eyesight. (SInv)
Armour fits poorly on your strangely shaped body.
Your system is resistant to poisons. (rPois)
You cover ground very slowly.
You have a slow metabolism.
You can spit poison.


Message History

You feel drained. The wight closely misses you. The wight barely misses you.
You barely miss the wight. The wight hits you with a +0 mace!
The wight barely misses you. The wight hits you with a +0 mace.
You feel drained. The wight closely misses you.
You riposte.
You hit the wight but do no damage.
Okay, then.
Press: ? - help, Shift-Dir - straight line, f - wight
Aim: a wight, wielding a +0 scimitar and wearing a +0 robe The splash of poison hits the wight.
The wight completely resists.
You feel slightly more hungry. The wight hits you with a +0 mace.
* * * LOW HITPOINT WARNING * * *
The wight closely misses you.
You barely miss the wight.
You have got your breath back.
The wight hits you with a +0 scimitar.
* * * LOW HITPOINT WARNING * * *
You feel drained.
* * * LOW HITPOINT WARNING * * *
The wight hits you with a +0 scimitar!
You die...

#####.######.#
#+# #.# #.# #.#
#.# #.# #.# #.#
#.# #.# #.# #.#
#.# #.# #.# #.#
#.# #.#
#.######.######.#
#zz@.)...#..[...#
##########.######
#.# #.#
#.#########
#..........
###########


You could see 2 wights.

Vanquished Creatures
  A scorpion (D:4)
  A wight (D:5)
  A bullfrog zombie (D:3)
  5 orc wizards
  An orc priest (D:5)
  A worker ant (D:3)
  6 gnolls (D:4)
  3 adders
  4 worms
  4 dart slugs
  7 leopard geckos
  10 orcs
  8 bats
  7 giant cockroaches
  9 goblins
  6 hobgoblins
  2 ball pythons (D:3)
  4 frilled lizards
  11 kobolds
  8 rats
99 creatures vanquished.

Vanquished Creatures (collateral kills)
  An ogre (D:4)
  A worker ant (D:4)
2 creatures vanquished.

Grand Total: 101 creatures vanquished

Notes
Turn   | Place    | Note
-------+----------+-------------------------------------------
     0 | D:1      | sl00ts the Naga Transmuter began the quest for the Orb.
     0 | D:1      | Reached XP level 1. HP: 18/18 MP: 3/3
   209 | D:1      | Reached XP level 2. HP: 14/25 MP: 3/5
   629 | D:1      | Learned a level 2 spell: Sticks to Snakes
  1141 | D:2      | Found a glowing silver altar of Zin.
  1141 | D:2      | Found a burning altar of Makhleb.
  1142 | D:2      | Noticed an Executioner
  1142 | D:2      | Noticed an angel
  1186 | D:2      | Reached XP level 3. HP: 32/32 MP: 6/6
  2058 | D:2      | Reached XP level 4. HP: 30/39 MP: 7/7
  2108 | D:2      | Reached skill level 3 in Transmutations
  3422 | D:3      | Reached XP level 5. HP: 8/46 MP: 8/8
  3908 | D:3      | Learned a level 3 spell: Spider Form
  4066 | D:4      | Noticed an ogre
  4072 | D:4      | HP: 1/48 [ogre/+0 giant spiked club (13)]
  4078 | D:4      | Killed an ogre
  4078 | D:4      | Reached skill level 4 in Transmutations
  4078 | D:4      | Reached XP level 6. HP: 25/56 MP: 4/9
  4232 | D:4      | Found Mihiamou's Antique Weapon Boutique.
  4347 | D:4      | Bought an encrusted long sword for 204 gold pieces
  4347 | D:4      | Identified the cursed +0 long sword "Killer Bee's Curse"
                  | {slice, rC+ Int+5 Dex-4} (You bought it in a shop on level
                  | 4 of the Dungeon)
  4420 | D:4      | Found a sparkling altar of Nemelex Xobeh.
  5151 | D:4      | Reached skill level 5 in Transmutations
  5398 | D:5      | Entered Level 5 of the Dungeon
  5658 | D:4      | Reached XP level 7. HP: 47/64 MP: 10/10
  6246 | D:5      | Reached skill level 6 in Transmutations
  6399 | D:5      | Slain by a wight

Vault maps used:
D:1:      tarquinn_simple_flora_water_d, serial_curves, eino_curves_04,
          eino_curves_02, corexii_item_surrounded_by_moat
D:2:      minmay_general_purpose_star, grunt_temple_overflow_order_and_chaos_2,
          first_ration
D:4:      nemelex_xobeh_ov_fountains_minmay, serial_shops, shop,
          portal_sewer_entry_f, uniq_crazy_yiuf_cottage, uniq_eustachio
D:5:      elyvilon_altar_4

Skill      XL: |  1  2  3  4  5  6  7 |
---------------+----------------------+-----
Fighting       | 2 3 4 |  4.0
Transmutations | 3 4 5 6 |  6.2
Unarmed Combat | 4 |  4.0
Dodging        | |  1.5
Spellcasting   | |  2.0

Action                   |  1- 3 |  4- 6 |  7- 9 || total
-------------------------+-------+-------+-------++-------
Melee: Unarmed           |    47 |    11 |    21 ||    79
       Headbutt          |     9 |    14 |     5 ||    28
       Dagger            |    76 |   190 |       ||   266
       Punch             |     5 |     3 |     2 ||    10
       Long sword        |       |    46 |    39 ||    85
 Cast: Beastly Appendage |    19 |    15 |     3 ||    37
       Sticks to Snakes  |       |     2 |       ||     2
 Abil: Spit Poison       |     1 |     7 |     2 ||    10
       Evoke Berserk Rag |       |       |     1 ||     1
  Use: Potion            |       |     8 |       ||     8
       Scroll            |       |     8 |       ||     8
  Eat: Chunk             |     3 |     3 |     2 ||     8
       Ration            |       |     2 |       ||     2
Armor: Robe              |    24 |    58 |    10 ||    92
Dodge: Dodged            |    84 |   165 |    31 ||   280
       Rpst.: Long sword |       |    10 |     7 ||    17

Table legend:
 A = Non-vault XP
 B = Vault XP
 C = Vault XP percentage of total XP
 D = Non-vault monster count
 E = Vault monster count
 F = Vault count percentage of total count
                 A         B        C        D         E       F
            +---------+---------+-------+---------+---------+-------
      Total |     841 |      21 |   2.4 |      94 |       7 |   6.9
            +---------+---------+-------+---------+---------+-------
        D:1 |      29 |       0 |   0.0 |      16 |       0 |   0.0
        D:2 |      82 |       7 |   7.9 |      29 |       2 |   6.5
        D:3 |     132 |       0 |   0.0 |      22 |       0 |   0.0
        D:4 |     456 |      14 |   3.0 |      21 |       5 |  19.2
        D:5 |     142 |       0 |   0.0 |       6 |       0 |   0.0
            +---------+---------+-------+---------+---------+-------
